AA
ROCKFORD PLAYBOYS @ OKLAHOMA CITY 89'ERS
07/06/2059
 
TOP OF THE 1ST
Rockford Playboys batting - Pitching for Oklahoma City 89'ers : RHP Norris Simion
Pitching: RHP Norris Simion
Batting: LHB Rafael Rutkowski 0-0: Called Strike
0-1: Swinging Strike
0-2: Strikes out swinging
Batting: RHB Ralph Neben 0-0: DOUBLE (Flyball, 8LXD, EV 101.2 MPH)
Batting: RHB Ezekiel Wolfson 0-0: Called Strike
Ralph Neben is caught stealing 3rd base 2-5
0-1: SINGLE (Groundball, 6MD, EV 96.9 MPH)
Batting: LHB Josh Valentine Balk!
Ezekiel Wolfson to second
0-0: Called Strike
0-1: Foul Ball, location: 2F
0-2: Ball
1-2: Ball
2-2: Strikes out swinging
Top of the 1st over - 0 runs, 2 hits, 0 errors, 1 left on base; Rockford 0 - Oklahoma City 0
BOTTOM OF THE 1ST
Oklahoma City 89'ers batting - Pitching for Rockford Playboys : RHP Joel Major
Pitching: RHP Joel Major
Batting: RHB Roger D'Andrea 0-0: Ball
1-0: Foul Ball, location: 2F
1-1: Ball
2-1: Ball
3-1: Reached on error, E4 (Groundball, 4M, EV 79.4 MPH)
Batting: RHB Mitchell Bryant 0-0: Ball
1-0: Ball
2-0: Called Strike
Roger D'Andrea steals 2nd base
2-1: Fly out, F7 (Flyball, 7, EV 86.9 MPH)
Batting: LHB Adrien Davis 0-0: DOUBLE (Flyball, 9LD, EV 102.5 MPH)
Roger D'Andrea scores
Batting: RHB Quinn Holloway 0-0: Ground out 6-3 (Groundball, 6M, EV 100.0 MPH)
Adrien Davis to third
Batting: SHB Stuart Owens 0-0: Ball
1-0: Fly out, F8 (Flyball, 8LXD, EV 98.1 MPH)
Bottom of the 1st over - 1 run, 1 hit, 1 error, 1 left on base; Rockford 0 - Oklahoma City 1
TOP OF THE 2ND
Rockford Playboys batting - Pitching for Oklahoma City 89'ers : RHP Norris Simion
Batting: RHB Garick Ocasio 0-0: Ball
1-0: Ball
2-0: Ball
3-0: Called Strike
3-1: Foul Ball, location: 2F
3-2: Foul Ball, location: 2F
3-2: Foul Ball, location: 2F
3-2: Strikes out swinging
Batting: RHB Edward Cain 0-0: Ball
1-0: Ball
2-0: Ball
3-0: Base on Balls
Batting: RHB Phil Phillips 0-0: Ball
1-0: Ball
2-0: SINGLE (Line Drive, 3D, EV 93.8 MPH)
Edward Cain to second
Batting: RHB Armand Carandini 0-0: Ball
1-0: Called Strike
1-1: Ball
2-1: Foul Ball, location: 2F
2-2: Fly out, F9 (Flyball, 9D, EV 90.0 MPH)
Batting: RHB Peter Wingenbach 0-0: SINGLE (Groundball, 56D, EV 98.8 MPH)
Edward Cain to third
Phil Phillips to second
Runner from 3rd tries for Home, throw by LF and OUT! 7-2
Top of the 2nd over - 0 runs, 2 hits, 0 errors, 2 left on base; Rockford 0 - Oklahoma City 1
BOTTOM OF THE 2ND
Oklahoma City 89'ers batting - Pitching for Rockford Playboys : RHP Joel Major
Batting: RHB Conner Hawkins 0-0: Ball
1-0: Ground out 5-3 (Groundball, 56S, EV 69.4 MPH)
Batting: RHB Shawn Chisholm 0-0: Called Strike
0-1: Foul Ball, location: 2F
0-2: Ball
1-2: Foul Ball, location: 2F
1-2: Ground out 4-3 (Groundball, 4, EV 78.8 MPH)
Batting: RHB Jerry Figueroa 0-0: Ball
1-0: Swinging Strike
1-1: Swinging Strike
1-2: Foul Ball, location: 2F
1-2: Strikes out swinging
Bottom of the 2nd over - 0 runs, 0 hits, 0 errors, 0 left on base; Rockford 0 - Oklahoma City 1
TOP OF THE 3RD
Rockford Playboys batting - Pitching for Oklahoma City 89'ers : RHP Norris Simion
Batting: LHB Rafael Rutkowski 0-0: Ground out 5-3 (Groundball, 56S, EV 90.0 MPH)
Batting: RHB Ralph Neben 0-0: Ball
1-0: Foul Ball, location: 2F
1-1: Fly out, F8 (Flyball, 8RM, EV 86.2 MPH)
Batting: RHB Ezekiel Wolfson 0-0: Called Strike
0-1: Ball
1-1: Ball
2-1: Called Strike
2-2: Ball
3-2: Foul Ball, location: 2F
3-2: Fly out, F7 (Flyball, 78M, EV 89.4 MPH)
Top of the 3rd over - 0 runs, 0 hits, 0 errors, 0 left on base; Rockford 0 - Oklahoma City 1
BOTTOM OF THE 3RD
Oklahoma City 89'ers batting - Pitching for Rockford Playboys : RHP Joel Major
Batting: RHB Uriel Guadagnino 0-0: Ball
1-0: Swinging Strike
1-1: Ground out 1-3 (Groundball, 13S, EV 69.4 MPH)
Batting: RHB Roger D'Andrea 0-0: Called Strike
0-1: Ball
1-1: Ball
2-1: Fly out, F8 (Line Drive, 8LM, EV 108.1 MPH)
Batting: RHB Mitchell Bryant 0-0: Called Strike
0-1: Ball
1-1: Ball
2-1: Swinging Strike
2-2: Strikes out swinging
Bottom of the 3rd over - 0 runs, 0 hits, 0 errors, 0 left on base; Rockford 0 - Oklahoma City 1
TOP OF THE 4TH
Rockford Playboys batting - Pitching for Oklahoma City 89'ers : RHP Norris Simion
Batting: LHB Josh Valentine 0-0: Foul Ball, location: 2F
0-1: Ground out 4-3 (Groundball, 4, EV 84.4 MPH)
Batting: RHB Garick Ocasio 0-0: Called Strike
0-1: Fly out, F7 (Flyball, 78S, EV 88.1 MPH)
Batting: RHB Edward Cain 0-0: SINGLE (Line Drive, 7LS, EV 108.1 MPH)
Batting: RHB Phil Phillips 0-0: Ball
1-0: Ball
2-0: Called Strike
2-1: Ball
3-1: Base on Balls
Edward Cain to second
Batting: RHB Armand Carandini 0-0: Ball
1-0: Called Strike
1-1: Fly out, F9 (Flyball, 9D, EV 104.4 MPH)
Top of the 4th over - 0 runs, 1 hit, 0 errors, 2 left on base; Rockford 0 - Oklahoma City 1
BOTTOM OF THE 4TH
Oklahoma City 89'ers batting - Pitching for Rockford Playboys : RHP Joel Major
Batting: LHB Adrien Davis 0-0: Ball
1-0: Called Strike
1-1: Ball
2-1: Called Strike
2-2: Ground out U3 (Groundball, 3, EV 80.6 MPH)
Batting: RHB Quinn Holloway 0-0: Called Strike
0-1: DOUBLE (Line Drive, 5D, EV 95.0 MPH)
Batting: SHB Stuart Owens 0-0: Called Strike
0-1: Foul Ball, location: 2F
0-2: Ball
1-2: Strikes out swinging
Batting: RHB Conner Hawkins 0-0: Ball
1-0: Fly out, F7 (Flyball, 78D, EV 81.2 MPH)
Bottom of the 4th over - 0 runs, 1 hit, 0 errors, 1 left on base; Rockford 0 - Oklahoma City 1
TOP OF THE 5TH
Rockford Playboys batting - Pitching for Oklahoma City 89'ers : RHP Norris Simion
Batting: RHB Peter Wingenbach 0-0: Called Strike
0-1: Ball
1-1: Ball
2-1: Swinging Strike
2-2: Foul Ball, location: 2F
2-2: Ball
3-2: Base on Balls
Batting: LHB Rafael Rutkowski 0-0: Fielders Choice at 2nd, 3-6 (Groundball, 3, EV 107.5 MPH)
Batting: RHB Ralph Neben 0-0: Ball
1-0: Ball
2-0: Fly out, F8 (Flyball, 8LM, EV 88.1 MPH)
Batting: RHB Ezekiel Wolfson 0-0: Ball
1-0: Ball
Rafael Rutkowski is caught stealing 2nd base 2-4
Top of the 5th over - 0 runs, 0 hits, 0 errors, 0 left on base; Rockford 0 - Oklahoma City 1
BOTTOM OF THE 5TH
Oklahoma City 89'ers batting - Pitching for Rockford Playboys : RHP Joel Major
Batting: RHB Shawn Chisholm 0-0: Ball
1-0: SINGLE (Line Drive, 89S, EV 105.6 MPH)
Batting: RHB Jerry Figueroa 0-0: Called Strike
0-1: Ball
1-1: Foul Ball, location: 2F
1-2: Ball
2-2: Foul Ball, location: 2F
2-2: Strikes out looking
Batting: RHB Uriel Guadagnino 0-0: Called Strike
0-1: Swinging Strike
0-2: Ball
1-2: Ball
Shawn Chisholm steals 2nd base
2-2: Ground out 4-3 (Groundball, 4, EV 79.4 MPH)
Shawn Chisholm to third
Batting: RHB Roger D'Andrea 0-0: Swinging Strike
0-1: Ball
1-1: Hit by Pitch
Batting: RHB Mitchell Bryant 0-0: DOUBLE (Flyball, 8LXD, EV 92.5 MPH)
Shawn Chisholm scores
Roger D'Andrea to third
Runner from 3rd tries for Home, SAFE, no throw by CF
Batting: LHB Adrien Davis 0-0: Called Strike
0-1: Ball
1-1: Foul Ball, location: 2F
1-2: Fly out, F8 (Flyball, 8RD, EV 91.9 MPH)
Bottom of the 5th over - 2 runs, 2 hits, 0 errors, 1 left on base; Rockford 0 - Oklahoma City 3
TOP OF THE 6TH
Rockford Playboys batting - Pitching for Oklahoma City 89'ers : RHP Norris Simion
Batting: RHB Ezekiel Wolfson 0-0: Ball
1-0: Hit by Pitch
Batting: LHB Josh Valentine 0-0: Called Strike
0-1: Called Strike
0-2: Ball
1-2: Fly out, F8 (Flyball, 78S, EV 92.5 MPH)
Batting: RHB Garick Ocasio 0-0: Called Strike
Ezekiel Wolfson is caught stealing 2nd base 2-4
0-1: DOUBLE (Line Drive, 9LM, EV 93.8 MPH)
Batting: RHB Edward Cain 0-0: Called Strike
0-1: Swinging Strike
0-2: Ball
1-2: Foul Ball, location: 2F
1-2: Strikes out swinging
Top of the 6th over - 0 runs, 1 hit, 0 errors, 1 left on base; Rockford 0 - Oklahoma City 3
BOTTOM OF THE 6TH
Oklahoma City 89'ers batting - Pitching for Rockford Playboys : RHP Joel Major
Batting: RHB Quinn Holloway 0-0: DOUBLE (Groundball, 5L, EV 107.5 MPH)
Batting: SHB Stuart Owens 0-0: Ball
1-0: SINGLE (Groundball, 4D, EV 102.5 MPH)
Quinn Holloway to third
Batting: RHB Conner Hawkins 0-0: Ball
1-0: Foul Ball, location: 2F
1-1: Called Strike
1-2: Fly out, F8 (Flyball, 8RM, EV 93.8 MPH)
Runner from 3rd tags up, OUT at HOME! 8-2
Stuart Owens to second
Batting: RHB Shawn Chisholm 0-0: Called Strike
0-1: Called Strike
0-2: Strikes out looking
Bottom of the 6th over - 0 runs, 2 hits, 0 errors, 1 left on base; Rockford 0 - Oklahoma City 3
TOP OF THE 7TH
Rockford Playboys batting - Pitching for Oklahoma City 89'ers : RHP Norris Simion
Batting: RHB Phil Phillips 0-0: Called Strike
0-1: Ball
1-1: Swinging Strike
1-2: Ball
2-2: Strikes out swinging
Batting: RHB Armand Carandini 0-0: Ball
1-0: Foul Ball, location: 2F
1-1: Ball
2-1: Foul Ball, location: 2F
2-2: Fly out, F7 (Flyball, 78S, EV 86.9 MPH)
Batting: RHB Peter Wingenbach 0-0: Fly out, F8 (Flyball, 78S, EV 87.5 MPH)
Top of the 7th over - 0 runs, 0 hits, 0 errors, 0 left on base; Rockford 0 - Oklahoma City 3
BOTTOM OF THE 7TH
Oklahoma City 89'ers batting - Pitching for Rockford Playboys : RHP Joel Major
Batting: RHB Jerry Figueroa 0-0: Ball
1-0: SINGLE (Line Drive, 4D, EV 98.1 MPH)
Pitching: LHP Tommy Moon
Batting: RHB Uriel Guadagnino 0-0: Sac Bunt to 3S - play at first, batter OUT! 3-4
Jerry Figueroa to second
Batting: RHB Roger D'Andrea 0-0: Ball
1-0: Ball
Passed Ball!
Jerry Figueroa to third
2-0: Ground out 1-3 (Groundball, 13, EV 70.6 MPH)
Batting: RHB Mitchell Bryant 0-0: Ball
1-0: Foul Ball, location: 2F
1-1: Swinging Strike
1-2: Foul Ball, location: 2F
1-2: SINGLE (Groundball, 6D, EV 98.1 MPH)
Jerry Figueroa scores
Batting: LHB Adrien Davis 0-0: Foul Ball, location: 2F
0-1: Swinging Strike
0-2: Ball
1-2: Ball
2-2: Ball
3-2: Reached on error, E4 (Groundball, 4, EV 90.0 MPH)
Mitchell Bryant to second
Batting: RHB Quinn Holloway 0-0: Called Strike
0-1: Fielders Choice at 2nd, 6-4 (Groundball, 56, EV 90.0 MPH)
Bottom of the 7th over - 1 run, 2 hits, 1 error, 2 left on base; Rockford 0 - Oklahoma City 4
TOP OF THE 8TH
Rockford Playboys batting - Pitching for Oklahoma City 89'ers : RHP Norris Simion
Batting: LHB Rafael Rutkowski 0-0: Ball
1-0: Ball
2-0: Called Strike
2-1: TRIPLE (Line Drive, 8RXD, EV 104.4 MPH)
Batting: RHB Ralph Neben 0-0: Called Strike
0-1: Ground out 4-3 (Groundball, 4M, EV 104.4 MPH)
Rafael Rutkowski scores
Batting: RHB Ezekiel Wolfson 0-0: Called Strike
0-1: Ball
1-1: Swinging Strike
1-2: Fly out, F7 (Flyball, 78M, EV 77.5 MPH)
Batting: LHB Josh Valentine 0-0: Ball
1-0: Ball
2-0: Foul Ball, location: 2F
2-1: Foul Ball, location: 2F
2-2: Ball
3-2: Fly out, F9 (Line Drive, 89M, EV 97.5 MPH)
Top of the 8th over - 1 run, 1 hit, 0 errors, 0 left on base; Rockford 1 - Oklahoma City 4
BOTTOM OF THE 8TH
Oklahoma City 89'ers batting - Pitching for Rockford Playboys : LHP Tommy Moon
Batting: SHB Stuart Owens 0-0: Ground out 4-3 (Groundball, 6MD, EV 108.8 MPH)
Batting: RHB Conner Hawkins 0-0: Fly out, F7 (Flyball, 7D, EV 96.9 MPH)
Batting: RHB Shawn Chisholm 0-0: Ground out 6-3 (Groundball, 6, EV 91.2 MPH)
Bottom of the 8th over - 0 runs, 0 hits, 0 errors, 0 left on base; Rockford 1 - Oklahoma City 4
TOP OF THE 9TH
Rockford Playboys batting - Pitching for Oklahoma City 89'ers : RHP Norris Simion
Pitching: RHP Kameron Oliver
Batting: RHB Garick Ocasio 0-0: Foul Ball, location: 2F
0-1: Ball
1-1: SINGLE (Line Drive, 7LM, EV 106.2 MPH)
Batting: RHB Edward Cain 0-0: Ball
1-0: Foul Ball, location: 2F
1-1: Ball
2-1: Foul Ball, location: 2F
2-2: Strikes out swinging
Pinch Hitting: SHB Cam Phillip 0-0: Called Strike
0-1: Ball
1-1: Foul Ball, location: 2F
1-2: Strikes out looking
Pinch Hitting: LHB Riley Cannell 0-0: Ball
1-0: Foul Ball, location: 2F
1-1: Called Strike
1-2: Ball
2-2: Ball
3-2: Foul Ball, location: 2F
3-2: Strikes out looking
Top of the 9th over - 0 runs, 1 hit, 0 errors, 1 left on base; Rockford 1 - Oklahoma City 4
Monday, March 11th , 2024 - OOTP Baseball 23.10 Build 110